 Dungeon Crawl Stone Soup version 0.30.1 (webtiles) character file.

Game seed: 18031992454786354950

140 DemonSlayer the Digger (level 5, -3/35 HPs)
             Began as a Demonspawn Earth Elementalist on July 10, 2023.
             Killed from afar by Grinder (12 damage)
             ... with a puff of flame
             ... on level 3 of the Dungeon.
             The game lasted 00:04:36 (2262 turns).

DemonSlayer the Digger (DsEE)                       Turns: 2262, Time: 00:04:37

Health: -3/35      AC:  2    Str:  8    XL:     5   Next: 2%
Magic:  7/10       EV: 12    Int: 16    God:
Gold:   88         SH:  0    Dex: 16    Spells: 4/10 levels left

rFire   . . .        b - +0 dagger {ballbuster}
rCold   . . .        (no shield)
rNeg    . . .        a - +0 robe
rPois   .            (helmet restricted)
rElec   .            (no cloak)
rCorr   .            (no gloves)
SInv    .            (no boots)
Will    .....        (no amulet)
Stlth   ++           (no ring)
HPRegen 0.25/turn    (no ring)
MPRegen 0.12/turn

%: no passive effects
@: no status effects
A: antennae 1, icemail 1, condensation shield
a: no special abilities


You were on level 3 of the Dungeon.
You visited 1 branch of the dungeon, and saw 3 of its levels.

You collected 88 gold pieces.

Inventory:

Hand Weapons
 b - a +0 dagger (weapon) {ballbuster}
Armour
 a - a +0 robe (worn)
Scrolls
 c - a scroll of vulnerability {unknown}
 e - 3 scrolls of teleportation {unknown}
 j - 3 scrolls of identify {unknown}
 k - a scroll of amnesia {unknown}
 l - a scroll of noise {unknown}
 m - 3 scrolls of poison {unknown}
 n - a scroll of blinking {unknown}
 o - a scroll of enchant weapon {unknown}
 r - a scroll of enchant armour {unknown}
Potions
 d - a potion of lignification {unknown}
 f - 3 potions of ambrosia {unknown}
 g - a potion of curing {unknown}
 h - a potion of attraction {unknown}
 i - a potion of flight {unknown}
 q - a potion of invisibility {unknown}


   Skills:
 + Level 0.3 Short Blades
 + Level 2.0 Dodging
 + Level 2.1 Stealth
 + Level 3.4 Spellcasting
 + Level 0.8 Transmutations
 + Level 4.0 Earth Magic


You had 4 spell levels left.
You knew the following spells:

 Your Spells              Type           Power      Damage    Failure   Level
a - Sandblast             Erth           30%        2d9       3%          1
b - Stone Arrow           Conj/Erth      18%        3d8       24%         3
c - Passwall              Tmut/Erth      8%         N/A       10%         2

Your spell library contained the following spells:

 Spells                   Type           Power      Damage    Failure   Level
 Necrotise                Necr           8%         1d4       19%         1
 Vampiric Draining        Necr           2%         2d6       47%         3
 Petrify                  Tmut/Erth      10%        N/A       54%         4
 Agony                    Necr           2%         N/A       99%         5


Dungeon Overview and Level Annotations

Branches:
Dungeon (3/15)

Altars:

Annotations:
D:3 Grinder


Innate Abilities, Weirdness & Mutations

You have a pair of small antennae on your head.
A meltable icy envelope protects you from harm. (AC +0)
A meltable shield of frost defends you. (SH +0)


Message History

Your +2 helmet of intelligence falls away!
You feel stupid.
You drop a +2 helmet of intelligence.
Grinder comes into view.
She is carrying a wand of flame (21).
Grinder shouts!
Grinder blinks!
Grinder moves out of view.
Found a stone staircase leading down.
Grinder gestures at you. You resist with significant effort.
Grinder is nearby!
Grinder is nearby!
The blast of sand hits Grinder!
Grinder is moderately wounded.
Grinder says, "Don't move a muscle."
Grinder zaps a wand.
You block the puff of flame.
The blast of sand hits Grinder.
Grinder is moderately wounded.
Grinder zaps a wand.
The puff of flame hits you.
Your icy defences dissipate!
You miscast Sandblast.
You are very lightly contaminated with residual magic.
Nothing appears to happen.
Grinder misses you.
The blast of sand misses Grinder.
Grinder zaps a wand.
The puff of flame hits you! Grinder hits you.
You writhe in agony.
Grinder zaps a wand.
The puff of flame misses you.
Your magical contamination has completely faded away.
Casting: Sandblast (safe; 3% risk of failure)
Confirm with . or Enter, or press ? or * to list all spells.
Aiming: Sandblast (safe; 3% risk of failure)
Press: ? - help, Shift-Dir - straight line, f/p - Grinder
Aim: Grinder, carrying a wand of flame (17) (moderately wounded, 80% to hit)
The blast of sand hits Grinder.
Grinder is moderately wounded.
Grinder gestures at you.
You suddenly lose the ability to move!
Grinder zaps a wand.
The puff of flame hits you!
* * * LOW HITPOINT WARNING * * *
You can move again.
Grinder zaps a wand.
The puff of flame hits you!
You die...

....# ###.#.###
##### #.#.#
###### ..#.#
#....# ####.#
#.##.# #.# ######
#.##5# #.# .....#
#5##.#### #.#
####.# #.#.....#
#.# #.#
#.#@.##.## #.#
#.#.)#...#####...
#.#
#......#.........
#.#
###>##)..#######.
#.##### #.###[##
#.....# ##.###.#
#####.# .#..#.#
#.# #.#.#.#
####.# #.#.#.#


You could see Grinder.

Vanquished Creatures
  An orc priest (D:3)
  5 adders
  A white imp (D:3)
  A worm (D:2)
  2 dart slugs
  2 orcs (D:3)
  4 bats
  3 endoplasms
  A giant cockroach (D:2)
  3 hobgoblins
  4 jackals (D:2)
  5 kobolds
  3 quokkas
  A ball python (D:2)
  6 frilled lizards
  4 goblins
  5 rats
51 creatures vanquished.

Notes
Turn   | Place    | Note
-------+----------+-------------------------------------------
     0 | D:1      | DemonSlayer the Demonspawn Earth Elementalist began the
                  | quest for the Orb.
     0 | D:1      | Reached XP level 1. HP: 13/13 MP: 3/3
   399 | D:1      | Reached skill level 3 in Earth Magic
   432 | D:1      | Gained mutation: A meltable shield of frost defends you.
                  | (SH +0) [demonic ancestry]
   432 | D:1      | Reached XP level 2. HP: 19/19 MP: 0/5
   992 | D:2      | Reached XP level 3. HP: 24/24 MP: 4/6
  1345 | D:2      | Gained mutation: A meltable icy envelope protects you from
                  | harm. (AC +0) [demonic ancestry]
  1345 | D:2      | Reached XP level 4. HP: 6/30 MP: 1/8
  1671 | D:2      | Found a faded altar of an unknown god.
  1690 | D:2      | Learned a level 3 spell: Stone Arrow
  1693 | D:2      | Learned a level 2 spell: Passwall
  2174 | D:3      | Reached skill level 4 in Earth Magic
  2174 | D:3      | Gained mutation: You have a pair of small antennae on your
                  | head. [demonic ancestry]
  2174 | D:3      | Reached XP level 5. HP: 27/35 MP: 4/10
  2220 | D:3      | Noticed Grinder
  2258 | D:3      | Paralysed by Grinder for 3 turns
  2262 | D:3      | Killed from afar by Grinder

Illustrated notes

Levels and vault maps discovered:
D:1:      dpeg_arrival_lava_temple_mockup, layout_basic
D:2:      layout_rooms, ebering_ecumenical_altar_webs, minivault_25
D:3:      layout_loops_corners, serial_shops, shop, uniq_grinder

Skill      XL: |  1  2  3  4 |
---------------+-------------+-----
Earth Magic    | 3 4 |  4.0
Dodging        | 2 |  2.0
Spellcasting   | 3 |  3.4
Stealth        | 2 |  2.1
Short Blades   | |  0.3
Transmutations | |  0.8

Action                     |  1- 3 |  4- 6 || total
---------------------------+-------+-------++-------
  Melee: Dagger            |    20 |     8 ||    28
   Cast: Sandblast         |    49 |    25 ||    74
    Use: Potion            |     1 |       ||     1
   Stab: Sleeping          |     2 |     4 ||     6
 Armour: Robe              |     9 |     8 ||    17
  Dodge: Dodged            |    22 |    10 ||    32
  Block: Other             |     6 |     2 ||     8
